 Dungeon Sprint DCSS version 0.28.0-49-g6dfe1f597d (webtiles) character file.

Game seed: 421002651675521041

4300000 Revguard the Axe Maniac (level 21, -106/218 HPs)
             Began as a Palentonga Gladiator on May 19, 2022.
             Was the Champion of Makhleb.
             Annihilated by The Servant
             ... wielding a +9 glaive of flaming
              (113 damage)
             ... in the Dungeon (Sprint VIII: "Arena of Blood").
             The game lasted 00:06:01 (43 turns).

Revguard the Axe Maniac (Palentonga Gladiator)        Turns: 43, Time: 00:06:02

Health: -106/218   AC: 17    Str: 18    XL:     21   Next: 86%
Magic:  18/38      EV: 30    Int:  9    God:    Makhleb [******]
Gold:   0          SH:  0    Dex: 22    Spells: 42/42 levels left

rFire   . . .      SeeInvis +   k - +∞ Axe of Woe
rCold   . . .      Faith    .   (shield currently unavailable)
rNeg    . . .      Spirit   .   b - +0 leather armour
rPois   .          Reflect  .   c - +0 helmet
rElec   .          Harm     .   (no cloak)
rCorr   .          Rampage  .   (no gloves)
Will    +....      NoTele   +   (no barding)
Stlth   ++++++++++              (no amulet)
HPRegen 0.46/turn               l - +30 ring of slaying
MPRegen 0.26/turn               n - +250 ring of slaying

@: curled up
A: large, rugged brown scales 3, see invisible, deformed body, roll 1, armoured
tail, reflexive curl
a: Rolling Charge, Renounce Religion, Minor Destruction, Lesser Servant of
Makhleb, Major Destruction, Greater Servant of Makhleb


You were in the Dungeon.
You worshipped Makhleb.
Makhleb was exalted by your worship.
You visited 1 branch

Inventory:

Hand Weapons
 a - a +0 war axe
 k - the +∞ Axe of Woe (weapon)
   (You found it in the Dungeon)
Missiles
 d - 3 throwing nets (quivered)
Armour
 b - a +0 leather armour (worn)
 c - a +0 helmet (worn)
Jewellery
 l - a +30 ring of slaying (left hand)
 m - a +30 ring of slaying
 n - a +250 ring of slaying (right hand)
Scrolls
 j - a scroll of blinking
Potions
 e - a potion of curing
 f - a potion of heal wounds
 g - a potion of haste
 h - 2 potions of magic
 i - a potion of berserk rage


   Skills:
 O Level 27 Fighting
 + Level 8.7(10.3) Short Blades
 + Level 8.7(10.3) Long Blades
 O Level 27 Axes
 + Level 8.6(20.3) Maces & Flails
 + Level 7.9(18.8) Polearms
 + Level 8.6(11.6) Staves
 + Level 6.6(9.2) Slings
 + Level 7.2 Bows
 + Level 7.1 Crossbows
 + Level 10.0(10.8) Throwing
 O Level 27 Armour
 O Level 27 Dodging
 O Level 27 Stealth
 + Level 7.2 Shields
 + Level 8.7 Unarmed Combat
 * Level 11.3 Spellcasting
 + Level 7.9 Conjurations
 + Level 8.7 Hexes
 + Level 7.2 Summonings
 + Level 8.7 Necromancy
 + Level 8.7 Translocations
 + Level 8.6 Transmutations
 + Level 7.2 Fire Magic
 + Level 7.1 Ice Magic
 + Level 7.2 Air Magic
 + Level 7.9 Earth Magic
 + Level 7.1 Poison Magic
 O Level 27 Invocations
 O Level 27 Evocations


You had 42 spell levels left.
You didn't know any spells.
Your spell library was empty.

Dungeon Overview and Level Annotations

Branches:
Dungeon (1/1)

Altars:
Makhleb

Annotations:
D The Servant


Innate Abilities, Weirdness & Mutations

You are completely covered in rugged brown scales. (AC +3, +7% HP)
You have supernaturally acute eyesight. (SInv)
Armour fits poorly on your strangely shaped body.
You can roll at nearby foes to attack.
You have a long armoured tail.
You curl defensively after being hit. (AC +7*)


Message History

Your base Maces & Flails skill increases to level 8!
Your base Polearms skill increases to level 7!
Your base Staves skill increases to level 8!
Your base Slings skill increases to level 6!
Your Bows skill gained 2 levels and is now at level 7!
Your Crossbows skill gained 2 levels and is now at level 7!
Your Throwing skill increases to level 10!
Your Shields skill gained 2 levels and is now at level 7!
Your Unarmed Combat skill increases to level 8!
Your Spellcasting skill gained 2 levels and is now at level 11!
Your Conjurations skill increases to level 7!
Your Hexes skill increases to level 8!
Your Summonings skill gained 2 levels and is now at level 7!
Your Necromancy skill increases to level 8!
Your Translocations skill increases to level 8!
Your Transmutations skill increases to level 8!
Your Fire Magic skill increases to level 7!
Your Ice Magic skill gained 2 levels and is now at level 7!
Your Air Magic skill gained 2 levels and is now at level 7!
Your Earth Magic skill increases to level 7!
Your Poison Magic skill gained 2 levels and is now at level 7!
You remove your +30 ring of slaying.
Flame seeps out of the large bag of meat.
The large bag of meat looks more healthy.
The meat berserker barely misses you.
You hear a shout! x3
The destroyer gestures at you while chanting.
The destroyer blinks!
The meat berserker barely misses you.
The bag of meat is engulfed in blazing flames.
n - a +250 ring of slaying (right hand)
You hear a shout!
The large bag of meat is engulfed in blazing flames.
The destroyer hits you with a +9 vorpal great sword!!!!!
Ouch! That really hurt!
* * * LOW HITPOINT WARNING * * *
x2 The destroyer barely misses you.
You hear a shout!
The Servant hits you from afar with a +9 glaive of flaming!!!!
Ouch! That really hurt!
You die...

.....°)°)O)oo)○.o.oo
.....°°☼o§o.#°☼.#...
.......○§..#.o..#
o....o)OO##o....#
......oO#.o....#..
....o.OV#.Oo###....
.#.....O@........#..
......OO......... ..
..#...V@####...
......z)).# .
........§....
....=.......##
#############


You could see The Servant, 2 destroyers, a sculptor of flesh, 4 large bags of
meat, 4 meat berserkers and 9 bags of meat.

Vanquished Creatures
  7 vampire knights (D)
  12 ogres (D)
  3 two-headed ogres (D)
  22 orcs (D)
  A skeletal warrior (D)
45 creatures vanquished.

Notes
Turn   | Place    | Note
-------+----------+-------------------------------------------
     0 | D        | Found the +∞ Axe of Woe
     0 | D        | Revguard the Palentonga Gladiator began the quest for the
                  | Orb.
     0 | D        | Reached XP level 1. HP: 17/17 MP: 1/1
     1 | D        | Noticed a bag of meat
     2 | D        | Noticed a meat berserker
     3 | D        | Became a worshipper of Makhleb the Destroyer
     4 | D        | Killed a meat berserker
     4 | D        | Noticed a bag of meat
     5 | D        | Reached skill level 10 in Fighting
     5 | D        | Reached XP level 2. HP: 38/38 MP: 2/2
     5 | D        | Reached XP level 3. HP: 44/44 MP: 3/3
     5 | D        | Reached XP level 4. HP: 51/51 MP: 4/4
     5 | D        | Reached XP level 5. HP: 57/57 MP: 5/5
     5 | D        | Reached XP level 6. HP: 65/65 MP: 6/6
     5 | D        | Gained mutation: You curl defensively after being hit. (AC
                  | +7*) [Palentonga growth]
     5 | D        | Reached XP level 7. HP: 71/71 MP: 7/7
     5 | D        | Reached XP level 8. HP: 78/78 MP: 8/8
     5 | D        | Reached XP level 9. HP: 84/84 MP: 9/9
     5 | D        | Reached XP level 10. HP: 92/92 MP: 10/10
     5 | D        | Reached XP level 11. HP: 98/98 MP: 11/11
     5 | D        | Noticed a bag of meat
     5 | D        | Killed a bag of meat
     5 | D        | Reached * piety under Makhleb
     5 | D        | Noticed a meat berserker
     5 | D        | Noticed a bag of meat
     6 | D        | Reached skill level 5 in Armour
     6 | D        | Reached XP level 12. HP: 109/109 MP: 11/16
     6 | D        | Noticed a bag of meat
     6 | D        | Noticed a bag of meat
     7 | D        | Noticed a bag of meat
     7 | D        | Noticed a bag of meat
     8 | D        | Killed a meat berserker
     8 | D        | Killed a bag of meat
     8 | D        | Noticed a bag of meat
     9 | D        | Reached skill level 15 in Fighting
     9 | D        | Reached XP level 13. HP: 123/123 MP: 11/22
     9 | D        | Killed a bag of meat
     9 | D        | Reached ** piety under Makhleb
    10 | D        | Reached skill level 10 in Armour
    10 | D        | Reached XP level 14. HP: 132/132 MP: 11/24
    10 | D        | Noticed a meat berserker
    10 | D        | Noticed a meat berserker
    10 | D        | Noticed a bag of meat
    11 | D        | Killed a meat berserker
    11 | D        | Killed a bag of meat
    13 | D        | Noticed a bag of meat
    13 | D        | Noticed a meat berserker
    14 | D        | Killed a meat berserker
    14 | D        | Reached *** piety under Makhleb
    14 | D        | Killed a bag of meat
    14 | D        | Noticed a bag of meat
    15 | D        | Reached XP level 15. HP: 148/148 MP: 12/28
    15 | D        | Noticed a meat berserker
    16 | D        | Noticed a destroyer
    17 | D        | Killed a meat berserker
    17 | D        | Reached **** piety under Makhleb
    17 | D        | Noticed a meat berserker
    18 | D        | Reached skill level 15 in Armour
    18 | D        | Reached XP level 16. HP: 160/160 MP: 12/30
    19 | D        | Killed a meat berserker
    19 | D        | Reached ***** piety under Makhleb
    19 | D        | Noticed a large bag of meat
    19 | D        | Noticed a meat berserker
    20 | D        | Killed a meat berserker
    20 | D        | Noticed a meat berserker
    21 | D        | Reached skill level 27 in Axes
    22 | D        | Noticed a large bag of meat
    22 | D        | Noticed a large bag of meat
    22 | D        | Noticed a destroyer
    23 | D        | Reached XP level 17. HP: 178/178 MP: 13/33
    23 | D        | Noticed a meat berserker
    24 | D        | Killed a destroyer
    25 | D        | Noticed a large bag of meat
    25 | D        | Noticed a destroyer
    25 | D        | Noticed a meat berserker
    26 | D        | Reached skill level 27 in Fighting
    26 | D        | Reached skill level 27 in Invocations
    26 | D        | Noticed a meat berserker
    27 | D        | Killed a meat berserker
    27 | D        | Noticed a destroyer
    27 | D        | Noticed a large bag of meat
    28 | D        | Reached skill level 27 in Dodging
    28 | D        | Reached XP level 18. HP: 194/194 MP: 14/35
    28 | D        | Killed a meat berserker
    28 | D        | Noticed a destroyer
    29 | D        | Reached skill level 27 in Armour
    29 | D        | Killed a destroyer
    29 | D        | Killed a large bag of meat
    29 | D        | Noticed a large bag of meat
    30 | D        | Reached skill level 15 in Evocations
    30 | D        | Reached XP level 19. HP: 173/202 MP: 15/36
    30 | D        | Noticed a large bag of meat
    30 | D        | Noticed a meat berserker
    30 | D        | Noticed a large bag of meat
    30 | D        | Killed a meat berserker
    30 | D        | Killed a destroyer
    31 | D        | Killed a destroyer
    31 | D        | Reached ****** piety under Makhleb
    32 | D        | Killed a large bag of meat
    32 | D        | Noticed a meat berserker
    32 | D        | Noticed a destroyer
    33 | D        | Reached skill level 27 in Evocations
    33 | D        | Reached XP level 20. HP: 156/210 MP: 15/37
    33 | D        | Noticed a destroyer
    33 | D        | Killed a meat berserker
    34 | D        | Killed a large bag of meat
    35 | D        | Reached skill level 27 in Stealth
    35 | D        | Reached skill level 1 in Slings
    35 | D        | Noticed an eight-headed meat hydra
    35 | D        | Noticed a meat berserker
    35 | D        | Noticed a meat berserker
    35 | D        | Noticed The Servant
    35 | D        | Killed a destroyer
    36 | D        | Reached skill level 5 in Spellcasting
    36 | D        | Killed a destroyer
    37 | D        | Reached skill level 5 in Short Blades
    37 | D        | Reached skill level 5 in Long Blades
    37 | D        | Reached skill level 5 in Maces & Flails
    37 | D        | Reached skill level 5 in Polearms
    37 | D        | Reached skill level 5 in Staves
    37 | D        | Reached skill level 5 in Unarmed Combat
    37 | D        | Reached skill level 5 in Conjurations
    37 | D        | Reached skill level 5 in Hexes
    37 | D        | Reached skill level 5 in Necromancy
    37 | D        | Reached skill level 5 in Translocations
    37 | D        | Reached skill level 5 in Transmutations
    37 | D        | Reached skill level 5 in Earth Magic
    37 | D        | Reached XP level 21. HP: 218/218 MP: 16/38
    38 | D        | Reached skill level 5 in Slings
    38 | D        | Reached skill level 5 in Bows
    38 | D        | Reached skill level 5 in Crossbows
    38 | D        | Reached skill level 5 in Shields
    38 | D        | Reached skill level 5 in Summonings
    38 | D        | Reached skill level 5 in Fire Magic
    38 | D        | Reached skill level 5 in Ice Magic
    38 | D        | Reached skill level 5 in Air Magic
    38 | D        | Reached skill level 5 in Poison Magic
    38 | D        | Noticed a destroyer
    41 | D        | Noticed a destroyer
    41 | D        | Killed a destroyer
    42 | D        | Reached skill level 10 in Throwing
    43 | D        | HP: 7/218 [destroyer/+9 vorpal great sword (49)]
    43 | D        | Annihilated by The Servant

Illustrated notes

Levels and vault maps discovered:
D:        meatsprint

Skill      XL: |  1  2  3  4  5  6  7  8  9 10 11 12 13 14 15 16 17 18 19 20 21 |
---------------+----------------------------------------------------------------+-----
Fighting       | 10 12 15 19 20 24 27 | 27.0
Axes           | 19 20 21 22 24 25 27 | 27.0
Throwing       | 7 8 10 | 10.0
Dodging        | 16 18 20 21 24 27 | 27.0
Armour         | 5 9 10 14 15 19 24 27 | 27.0
Invocations    | 6 12 13 18 20 24 27 | 27.0
Stealth        | 13 24 27 | 27.0
Evocations     | 15 27 | 27.0
Short Blades   | 5 8 |  8.7
Long Blades    | 5 8 |  8.7
Maces & Flails | 5 8 |  8.6
Polearms       | 5 7 |  7.9
Staves         | 5 8 |  8.6
Slings         | 4 6 |  6.6
Bows           | 4 7 |  7.2
Crossbows      | 4 7 |  7.1
Shields        | 4 7 |  7.2
Unarmed Combat | 5 8 |  8.7
Spellcasting   | 7 11 | 11.3
Conjurations   | 5 7 |  7.9
Hexes          | 5 8 |  8.7
Summonings     | 4 7 |  7.2
Necromancy     | 5 8 |  8.7
Translocations | 5 8 |  8.7
Transmutations | 5 8 |  8.6
Fire Magic     | 4 7 |  7.2
Ice Magic      | 4 7 |  7.1
Air Magic      | 4 7 |  7.2
Earth Magic    | 5 7 |  7.9
Poison Magic   | 4 7 |  7.1

Action                   |  1- 3 |  4- 6 |  7- 9 | 10-12 | 13-15 | 16-18 | 19-21 || total
-------------------------+-------+-------+-------+-------+-------+-------+-------++-------
Melee: Executioner's axe |     1 |       |       |     2 |     4 |    10 |    10 ||    27
Invok: Greater Servant o |       |       |       |       |       |     2 |       ||     2
 Abil: Rolling Charge    |       |       |       |     2 |     1 |     2 |     5 ||    10
Dodge: Dodged            |       |       |       |       |     1 |       |     3 ||     4
